 Dungeon Crawl Stone Soup version 0.30-a0-722-g3e6e8c874d (webtiles) character file.

Game seed: 8429802334763432957

823 Dittersdorf the Shield-Bearer (level 7, 0/45 HPs)
             Began as a Gargoyle Fighter on Jan 27, 2023.
             Was a Follower of Okawaru.
             Slain by a gnoll
             ... wielding a +0 flail
              (8 damage)
             ... on level 5 of the Dungeon.
             The game lasted 00:04:26 (4164 turns).

Dittersdorf the Shield-Bearer (Gargoyle Fighter)    Turns: 4164, Time: 00:04:26

Health: 0/45       AC: 13    Str: 22    XL:     7   Next: 96%
Magic:  7/7        EV: 10    Int:  8    God:    Okawaru [*.....]
Gold:   225        SH:  5    Dex:  9    Spells: 6/6 levels left

rFire   + . .      SeeInvis .    a - +0 flail
rCold   . . .      Faith    .    c - +0 buckler
rNeg    + . .      Spirit   .    p - +2 ring mail {rF+}
rPois   ∞          Reflect  .    (no helmet)
rElec   +          Harm     .    (no cloak)
rCorr   .          Rampage  .    (no gloves)
Will    .....                    (no boots) Stlth
                                 (no amulet)
HPRegen 0.27/turn                (no ring)
MPRegen 0.10/turn                (no ring)

@: no status effects
A: sickness immunity, AC +4, negative energy resistance 1, electricity
resistance, torment resistance 1, petrification resistance
a: Renounce Religion, Heroism


You were on level 5 of the Dungeon.
You worshipped Okawaru.
Okawaru was aware of your devotion.
You visited 1 branch of the dungeon, and saw 5 of its levels.

You collected 225 gold pieces.

Inventory:

Hand Weapons
 a - a +0 flail (weapon)
Missiles
 s - 3 poisoned darts (quivered)
Armour
 c - a +0 buckler (worn)
 p - a +2 ring mail of fire resistance (worn)
 r - a +0 plate armour
Wands
 j - a wand of roots (12)
Scrolls
 e - 2 scrolls of poison {unknown}
 i - 5 scrolls of teleportation {unknown}
 l - 2 scrolls of blinking {unknown}
 m - 5 scrolls of identify {unknown}
 n - a scroll of fear {unknown}
 o - a scroll of silence {unknown}
 u - a scroll of acquirement {unknown}
Potions
 b - a potion of degeneration {unknown}
 d - 2 potions of might
 f - a potion of invisibility {unknown}
 g - a potion of brilliance {unknown}
 h - a potion of mutation {unknown}
 k - 3 potions of lignification {unknown}
 q - 2 potions of curing
 t - 2 potions of attraction {unknown}


   Skills:
 + Level 5.7 Fighting
 + Level 4.6 Maces & Flails
 + Level 5.7 Armour
 + Level 5.7 Shields


You had 6 spell levels left.
You didn't know any spells.
Your spell library contained the following spells:

 Spells                   Type           Power      Damage    Failure   Level
 Apportation              Tloc           0%         N/A       65%         1
 Scorch                   Fire           0%         2d5       78%         2
 Ignite Poison            Fire/Tmut/Pois 0%         N/A       95%         3
 Kindle Blastsparks       Fire/Tloc/Air  0%         2d10      95%         3
 Flame Wave               Conj/Fire      0%         2d4       100%        4
 Alistair's Intoxication  Tmut/Pois      0%         N/A       100%        5
 Freezing Cloud           Conj/Ice/Air   0%         6-21      100%        5
 Summon Cactus Giant      Summ           Unusable   N/A       N/A         6

Dungeon Overview and Level Annotations

Branches:
Dungeon (5/15)
 Temple: D:4-7

Altars:
Okawaru

Annotations:
D:3 2 transporters


Innate Abilities, Weirdness & Mutations

You are immune to sickness and miasma.
Your stone body is resilient. (AC +4)
You are immune to poison.
You resist negative energy. (rN+)
You are resistant to electric shocks. (rElec)
You are resistant to unholy torment.
You are immune to petrification.


Message History

You barely miss the shadow imp.
The shadow imp is severely wounded.
The shadow imp shouts, "Take thy face hence, thou euchred nose-picking simpleton!"
The shadow imp hits you but does no damage.
You hit the shadow imp.
The shadow imp is severely wounded.
The shadow imp hits you. The shadow imp barely misses you.
You hit the shadow imp but do no damage.
The shadow imp is severely wounded.
The shadow imp barely misses you.
You hit the shadow imp but do no damage.
The shadow imp is severely wounded.
The shadow imp closely misses you.
You closely miss the shadow imp.
The shadow imp is severely wounded.
The shadow imp closely misses you.
You closely miss the shadow imp.
The shadow imp is severely wounded.
The shadow imp hits you.
* * * LOW HITPOINT WARNING * * *
You thump the shadow imp!
You kill the shadow imp!
Okawaru accepts your kill.
The gnoll throws a throwing net.
The throwing net hits you.
You become entangled in the net!
You struggle against the net.
The gnoll hits you but does no damage.
You tear a large gash into the net.
The gnoll hits you with a +0 flail.
* * * LOW HITPOINT WARNING * * *
You shred the net and break free! The gnoll hits you but does no damage.
You sock the gnoll!
The gnoll is heavily wounded.
The gnoll hits you with a +0 flail.
* * * LOW HITPOINT WARNING * * *
You closely miss the gnoll.
The gnoll is heavily wounded.
The gnoll completely misses you.
You hit the gnoll.
The gnoll is almost dead.
The gnoll hits you with a +0 flail!
You die...

....g. ...... ..g...#
....... .......
###### .......
###....# #####
.......#######......#
#...<
.........gg@...#....#
#....
......#.#######.....#
#.... ........#
#.##### #....
.....##.# #.# #....
.### #... ##.#
######....
###..###..#
#......... #.....##
#.###.####
####..#.#####.# #.#
..............# #)#


You could see 2 gnolls.

Vanquished Creatures
  Sigmund (D:4)
  A water moccasin (D:4)
  An ogre (D:4)
  A howler monkey (D:3)
  A jelly (D:4)
  2 orc priests
  3 orc wizards
  Terence (D:2)
  9 gnolls
  5 adders
  A shadow imp (D:5)
  A white imp (D:4)
  2 worms
  5 dart slugs
  11 orcs
  10 endoplasms
  6 giant cockroaches
  5 goblins
  4 hobgoblins
  7 jackals
  2 kobolds (D:2)
  3 quokkas
  3 ball pythons
  3 bats
  4 frilled lizards
  3 rats
95 creatures vanquished.

Notes
Turn   | Place    | Note
-------+----------+-------------------------------------------
     0 | D:1      | Dittersdorf the Gargoyle Fighter began the quest for the
                  | Orb.
     0 | D:1      | Reached XP level 1. HP: 14/14 MP: 1/1
   192 | D:1      | Reached XP level 2. HP: 19/19 MP: 2/2
   915 | D:2      | Reached XP level 3. HP: 19/23 MP: 3/3
   983 | D:2      | Noticed Terence
   999 | D:2      | Killed Terence
  1123 | D:2      | Reached XP level 4. HP: 27/29 MP: 4/4
  1656 | D:3      | Reached XP level 5. HP: 33/33 MP: 5/5
  1671 | D:3      | Found an iron altar of Okawaru.
  1680 | D:3      | Became a worshipper of Warmaster Okawaru
  1774 | D:3      | Found a transporter.
  1780 | D:3      | Found a transporter.
  1964 | D:3      | Found a faded altar of an unknown god.
  2087 | D:3      | Reached XP level 6. HP: 7/39 MP: 6/6
  3026 | D:4      | Reached * piety under Okawaru
  3074 | D:4      | Noticed Sigmund
  3092 | D:4      | Killed Sigmund
  3093 | D:4      | Reached skill level 5 in Fighting
  3093 | D:4      | Reached skill level 5 in Armour
  3093 | D:4      | Reached skill level 5 in Shields
  3093 | D:4      | Reached XP level 7. HP: 25/44 MP: 7/7
  3194 | D:4      | HP: 2/44 [ogre/+0 giant spiked club (20)]
  4001 | D:5      | Entered Level 5 of the Dungeon
  4164 | D:5      | Slain by a gnoll

Illustrated notes

Levels and vault maps discovered:
D:1:      scummos_arrival_simple_fountains, layout_basic, minmay_pentomino_t2
D:2:      layout_basic, fountainhead, uniq_terence
D:3:      gammafunk_steamed_eel, layout_basic, mainiacjoe_overflow_tiny_flanked,
          shapermc_ecumenical_altar_rom_forum, minivault_26, hex_tiny,
          grunt_ministairs_8
D:4:      layout_basic, chequers_serial_rivers_micro_a,
          chequers_serial_rivers_small_3, uniq_sigmund
D:5:      layout_rooms, hangedman_decor_riveting, uniq_blork_the_orc

Skill      XL: |  1  2  3  4  5  6 |
---------------+-------------------+-----
Fighting       | 4 5 |  5.7
Armour         | 4 5 |  5.7
Shields        | 4 5 |  5.7
Maces & Flails | 3 4 |  4.6

Action                     |  1- 3 |  4- 6 |  7- 9 || total
---------------------------+-------+-------+-------++-------
  Melee: Flail             |    83 |   235 |    86 ||   404
  Throw: Dart              |       |     3 |     4 ||     7
 Armour: Scale mail        |    37 |    36 |       ||    73
         Chain mail        |       |    75 |       ||    75
         Ring mail         |       |    54 |    36 ||    90
  Dodge: Dodged            |    41 |   117 |    40 ||   198
  Block: Buckler           |    20 |    47 |    17 ||    84

Table legend: (Time is in decaauts)
 A = Elapsed time spent in this place.
 B = Non-inter-level travel time spent in this place.
 C = Inter-level travel time spent in this place.
 D = Time resting spent in this place.
 E = Time spent auto-exploring this place.
 F = Levels seen in this place.
 G = Mean time per level.
                   A        B        C        D        E       F      G
               +--------+--------+--------+--------+--------+-----+--------+
         Total |   4282 |   4130 |    152 |    777 |   2445 |   5 |  856.4 |
       Dungeon |   4282 |   4130 |    152 |    777 |   2445 |   5 |  856.4 |
               +--------+--------+--------+--------+--------+-----+--------+

Top non-repeatable levels by time:
     D:3: 1333 daAuts
     D:4: 1088 daAuts
     D:1: 903 daAuts
     D:2: 786 daAuts
     D:5: 170 daAuts
